 Dungeon Crawl Stone Soup version 0.30-a0-1018-g25214051b3 (webtiles) character file.

Game seed: 14338226701042684661

368 holysushi the Chopper (level 6, -7/55 HPs)
             Began as a Hill Orc Monk on Apr 8, 2023.
             Was a Believer of Okawaru.
             Splashed by a jelly's acid (8 damage)
             ... on level 4 of the Dungeon.
             The game lasted 00:06:20 (4035 turns).

holysushi the Chopper (Hill Orc Monk)               Turns: 4035, Time: 00:06:21

Health: -7/55      AC: -9    Str: 14    XL:     6   Next: 69%
Magic:  6/7        EV: 16    Int: 10    God:    Okawaru [**....]
Gold:   215        SH:  0    Dex: 15    Spells: 5/5 levels left

rFire   . . .      SeeInvis .    a - +1 hand axe
rCold   . . .      Faith    .    (no shield)
rNeg    . . .      Spirit   .    b - +0 robe
rPois   .          Reflect  .    c - +2 helmet
rElec   .          Rampage  .    (no cloak)
rCorr   .                        (no gloves)
Will    .....                    e - +0 pair of boots
Stlth   +++                      (no amulet)
HPRegen 0.29/turn                (no ring)
MPRegen 0.10/turn                (no ring)

@: heroic, corroded, attractive
A: low MP 1, wild magic 1
a: Renounce Religion, Heroism


You were on level 4 of the Dungeon.
You worshipped Okawaru.
Okawaru was pleased with you.
You visited 1 branch of the dungeon, and saw 4 of its levels.
You also visited: Sewer.

You collected 215 gold pieces.

Inventory:

Hand Weapons
 a - a +1 hand axe (weapon)
Armour
 b - a +0 robe (worn)
 c - a +2 helmet (worn)
 e - a +0 pair of boots (worn)
Scrolls
 d - a scroll of identify
 f - a scroll of vulnerability
 h - 2 scrolls of fog
 i - a scroll of magic mapping
 l - a scroll of torment
Potions
 g - 3 potions of brilliance


   Skills:
 + Level 4.8(9.8) Fighting
 + Level 7.1(12.1) Axes
 + Level 3.5(8.5) Dodging
 - Level 1.5(6.5) Stealth
 - Level 3.0 Invocations


You had 5 spell levels left.
You didn't know any spells.
Your spell library contained the following spells:

 Spells                   Type           Power      Damage    Failure   Level
 Ignite Poison            Fire/Tmut/Pois 0%         N/A       82%         3
 Sticky Flame             Conj/Fire      0%         2d3       99%         4
 Ignition                 Fire           0%         3d3       100%        8


Dungeon Overview and Level Annotations

Branches:
Dungeon (4/15) Zot: 20274   Sewer (visited)
 Temple: D:4-7

Altars:
Cheibriados
Kikubaaqudgha
Okawaru
Ru
Trog


Innate Abilities, Weirdness & Mutations

Your magical capacity is low. (-10% MP)
Your spells are a little harder to cast, but a little more powerful.


Message History

You hit the jelly but do no damage.
Your hands burn!
* * * LOW HITPOINT WARNING * * *
The jelly is almost dead.
The jelly misses you.
You gain the combat prowess of a mighty hero.
The jelly misses you.
You hit the jelly but do no damage.
Your hands burn!
* * * LOW HITPOINT WARNING * * *
The jelly is almost dead.
You hit the jelly but do no damage. The acid corrodes you!
Your hands burn!
* * * LOW HITPOINT WARNING * * *
The jelly is almost dead.
The jelly hits you.
* * * LOW HITPOINT WARNING * * *
The acid corrodes you!
You are splashed with acid!
* * * LOW HITPOINT WARNING * * *
You hit the jelly but do no damage.
Your hands burn!
* * * LOW HITPOINT WARNING * * *
The jelly is almost dead.
The jelly misses you.
You aren't carrying any items that you can evoke.
Unknown command.
It was a potion of attraction.
You feel attractive to monsters. The jelly barely misses you.
Blink to where?
Press: ? - help, Dir - move target
As you read the scroll of blinking, it crumbles to dust.
The jelly is attracted toward you. The jelly is attracted toward you.
As you read the scroll labelled OCKOIPRONIO, it crumbles to dust.
It is a scroll of enchant weapon.
Your +0 hand axe glows red for a moment.
The jelly closely misses you.
The air fills with toxic fumes!
As you read the scroll labelled FIGAUSILAS, it crumbles to dust.
It was a scroll of poison.
The jelly hits you.
* * * LOW HITPOINT WARNING * * *
You are splashed with acid!
You die...

..# ##.####.####.# ..#
#.......#...# #.#
#######)..# #.###.# ...
#)#...# ......# #.#
#.###.#.# #.##### #.########
##.#.....# #.#
#..§...§§#####....##### #.#
#.######J##...[........ #.#
#.# #@##........####
#.#######.######§§§§§§§§...#
...............§§§§§§§§§...#
#.........######§§§§§§§§..##
#########.######§#####§§.##
#......§§# ##### ##########


You could see a jelly.

Vanquished Creatures
  A black bear (D:4)
  An orc priest (D:2)
  An orc wizard (D:3)
  Robin (D:1)
  4 river rats (Sewer)
  4 adders
  4 worms
  A dart slug (D:3)
  11 orcs
  5 ball pythons
  9 bats
  8 endoplasms
  6 giant cockroaches
  14 goblins
  13 hobgoblins
  4 jackals (D:2)
  6 kobolds
  5 quokkas
  2 frilled lizards
  8 rats
108 creatures vanquished.

Notes
Turn   | Place    | Note
-------+----------+-------------------------------------------
     0 | D:1      | holysushi the Hill Orc Monk began the quest for the Orb.
     0 | D:1      | Reached XP level 1. HP: 19/19 MP: 1/1
     5 | D:1      | Noticed a minotaur zombie
     6 | D:1      | Noticed a minotaur zombie
    10 | D:1      | Noticed a demonspawn zombie
   171 | D:1      | Reached XP level 2. HP: 13/26 MP: 2/2
   361 | D:1      | Reached skill level 5 in Axes
   590 | D:1      | Reached XP level 3. HP: 31/31 MP: 3/3
   639 | D:1      | Found a faded altar of an unknown god.
   861 | D:1      | Prayed at the altar of an unknown god.
   861 | D:1      | Became a worshipper of Warmaster Okawaru
   861 | D:1      | Reached * piety under Okawaru
   861 | D:1      | Reached ** piety under Okawaru
  1405 | D:2      | Reached skill level 1 in Invocations
  1420 | D:2      | Reached XP level 4. HP: 26/39 MP: 4/4
  1528 | D:2      | Noticed Robin
  1532 | D:2      | Reached skill level 6 in Axes
  1651 | D:1      | Killed Robin
  2279 | D:2      | Reached *** piety under Okawaru
  2280 | D:2      | Reached XP level 5. HP: 43/46 MP: 6/6
  2439 | D:3      | Found a glowing drain.
  2457 | Sewer    | Entered a sewer
  2632 | Sewer    | Received a gift from Okawaru
  2726 | Sewer    | Noticed a kobold brigand
  2726 | Sewer    | Noticed a kobold brigand
  2744 | Sewer    | HP: 2/46 [kobold brigand/+0 dagger (4)]
  2746 | Sewer    | Gained mutation: Your magical capacity is low. (-10% MP)
                  | [potion of mutation]
  2746 | Sewer    | Gained mutation: Your spells are a little harder to cast,
                  | but a little more powerful. [potion of mutation]
  2749 | Sewer    | HP: 1/46 [kobold brigand/+0 dagger (2)]
  3076 | D:3      | Found an iron altar of Okawaru.
  3123 | D:3      | Found a sacrificial altar of Ru.
  3141 | D:3      | Reached XP level 6. HP: 49/52 MP: 7/7
  3173 | D:3      | Found an ancient bone altar of Kikubaaqudgha.
  3221 | D:3      | Found a snail-covered altar of Cheibriados.
  3221 | D:3      | Found a bloodstained altar of Trog.
  3853 | D:4      | Noticed a black bear
  3884 | D:4      | Killed a black bear
  3885 | D:4      | Reached skill level 7 in Axes
  4035 | D:4      | HP: 1/55 [jelly (3)]
  4035 | D:4      | Splashed by a jelly's acid

Illustrated notes

Levels and vault maps discovered:
D:1:      shiori_arrival_whats_in_store_for_you, layout_basic,
          shapermc_ecumenical_altar_pompeii
D:2:      layout_loops_ring, palyth_stone_intersect, uniq_robin
D:3:      layout_basic, mainiacjoe_overflow_alcove_3,
          kennysheep_okawaru_gauntlet, cheibrodos_sewer_entry_sluice
D:4:      layout_loops_ring, minmay_cupped, uniq_natasha

Skill      XL: |  1  2  3  4  5  6 |
---------------+-------------------+-----
Axes           | 5 6 7 |  7.1
Invocations    | 1 2 3 |  3.0
Dodging        | 3 |  3.5
Fighting       | 4 |  4.8
Stealth        | |  1.5

Action                     |  1- 3 |  4- 6 || total
---------------------------+-------+-------++-------
  Melee: Hand axe          |   130 |   365 ||   495
         Punch             |       |     7 ||     7
 Invoke: Heroism           |       |     2 ||     2
    Use: Potion            |       |     3 ||     3
         Scroll            |       |    10 ||    10
   Stab: Sleeping          |     3 |     6 ||     9
 Armour: Robe              |    26 |   112 ||   138
  Dodge: Dodged            |    96 |   275 ||   371

Table legend: (Time is in decaauts)
 A = Elapsed time spent in this place.
 B = Non-inter-level travel time spent in this place.
 C = Inter-level travel time spent in this place.
 D = Time resting spent in this place.
 E = Time spent auto-exploring this place.
 F = Levels seen in this place.
 G = Mean time per level.
                   A        B        C        D        E       F      G
               +--------+--------+--------+--------+--------+-----+--------+
         Total |   4034 |   3852 |    182 |    592 |   1907 |   5 |  806.8 |
       Dungeon |   3724 |   3542 |    182 |    590 |   1772 |   4 |  931.0 |
         Sewer |    310 |    310 |      0 |      2 |    135 |   1 |  310.0 |
               +--------+--------+--------+--------+--------+-----+--------+

Top non-repeatable levels by time:
     D:1: 1212 daAuts
     D:2: 1082 daAuts
     D:3: 979 daAuts
     D:4: 449 daAuts
   Sewer: 310 daAuts
